 Dungeon Crawl Stone Soup version 0.28-a0-794-gafe8c5f9e9 (webtiles) character file.

Game seed: 12241265185183137184

2886 avis the Insei (level 9, -1/76 HPs)
             Began as an Octopode Transmuter on Nov 3, 2021.
             Was an Initiate of Gozag.
             Slain by a killer bee (4 damage)
             ... on level 7 of the Dungeon on Nov 5, 2021.
             The game lasted 00:44:36 (10393 turns).

avis the Insei (Octopode Transmuter)               Turns: 10393, Time: 00:44:36

Health: -1/76      AC:  7    Str: 12    XL:     9   Next: 77%
Magic:  15/15      EV: 10    Int: 16    God:    Gozag
Gold:   290        SH:  0    Dex: 12    Spells: 6/16 levels left

rFire   x . .      SeeInvis .     - Unarmed
rCold   + + +      Faith    .   (shield currently unavailable)
rNeg    . . .      Spirit   .   (helmet currently unavailable)
rPois   +          Reflect  .   g - amulet of the acrobat
rElec   .          Harm     .   r - ring of willpower
rCorr   +          Rampage  .   s - ring of resist corrosion
Will    +....                   (no ring)
Stlth   ++........              (no ring)
HPRegen 0.22/turn               (no ring)
MPRegen 0.14/turn               (no ring)
                                (no ring)
                                (no ring)

@: ice-form, on berserk cooldown, attractive, slowed, very slow
A: freezing attack, boosted hp, almost no armour, amphibious, 8 rings, large,
(camouflage 1), (gelatinous body 1), (nimble swimmer 1), (tentacles)
a: End Transformation, Renounce Religion, Potion Petition, Call Merchant, Bribe
Branch


You were on level 7 of the Dungeon.
You worshipped Gozag.
Gozag was aware of your devotion.
You were a creature of crystalline ice.
You visited 1 branch of the dungeon, and saw 8 of its levels.

You collected 1038 gold pieces.
You paid 748 gold pieces to Gozag.

Inventory:

Hand Weapons
 u - a +1 short sword of venom
 z - a +0 short sword of draining
 D - a +0 whip of freezing
 G - a +0 hunting sling
 K - a +2 dagger of draining
Missiles
 a - 139 stones
 c - 79 arrows
 f - 3 atropa-tipped darts
 h - 22 poisoned darts
 n - 36 sling bullets
 q - 3 boomerangs
 M - 17 bolts
Jewellery
 g - an amulet of the acrobat (around neck)
 r - a ring of willpower (left front paw)
 s - a ring of resist corrosion (right front paw)
 t - an amulet of reflection
Wands
 v - a wand of polymorph (8)
 E - a wand of iceblast (11)
 L - a wand of digging (6)
Scrolls
 b - a scroll of torment {unknown}
 e - a scroll of acquirement {unknown}
 i - 2 scrolls of noise {unknown}
 l - a scroll of immolation {unknown}
 m - a scroll of fear {unknown}
 p - 7 scrolls of identify {unknown}
 y - a scroll of amnesia {unknown}
 A - 2 scrolls of silence {unknown}
 B - a scroll of enchant armour {unknown}
 F - a scroll of blinking {unknown}
 H - 2 scrolls of teleportation {unknown}
 I - a scroll of vulnerability {unknown}
Potions
 j - a potion of attraction
 k - a potion of lignification {unknown}
 o - a potion of magic {unknown}
 w - 2 potions of heal wounds {unknown}
 x - a potion of berserk rage {unknown}
 C - 2 potions of haste {unknown}
 J - a potion of degeneration {unknown}


   Skills:
 - Level 7.1 Fighting
 - Level 3.0 Dodging
 - Level 2.0 Stealth
 * Level 7.4 Unarmed Combat
 - Level 4.0 Spellcasting
 - Level 6.0 Transmutations
 - Level 4.0 Ice Magic
 - Level 2.0 Poison Magic


You had 6 spell levels left.
You knew the following spells:

 Your Spells              Type           Power      Damage    Failure   Level
a - Beastly Appendage     Tmut           44%        N/A       1%          1
b - Wereblood             Tmut           22%        N/A       2%          2
p - Spider Form           Tmut/Pois      16%        N/A       10%         3
q - Ice Form              Ice/Tmut       19%        N/A       22%         4

Your spell library contained the following spells:

 Spells                   Type           Power      Damage    Failure   Level
 Ensorcelled Hibernation  Hex/Ice        18%        N/A       11%         2
 Foxfire                  Conj/Fire      12%        2x1d4     17%         1
 Slow                     Hex            12%        N/A       17%         1
 Confusing Touch          Hex            3%         N/A       45%         3
 Conjure Flame            Conj/Fire      3%         6-21      45%         3
 Dazzling Flash           Conj/Hex       6%         N/A       45%         3
 Inner Flame              Hex/Fire       3%         N/A       45%         3
 Stone Arrow              Conj/Erth      6%         3d7       45%         3
 Yara's Violent Unravell  Hex/Tmut       6%         3d5       80%         5
 Flame Wave               Conj/Fire      3%         3d3       86%         4
 Iskenderun's Mystic Bla  Conj/Tloc      3%         2d3       86%         4
 Starburst                Conj/Fire      1%         6d3       100%        6
 Lehudib's Crystal Spear  Conj/Erth      1%         10d2      100%        8
 Animate Armour           Summ/Erth      Unusable   N/A       N/A         4

Dungeon Overview and Level Annotations

Branches:
Dungeon (8/15)             Temple (0/1) D:6
   Lair: D:8-11

Altars:
Cheibriados
Elyvilon
Fedhas
Gozag
Hepliaklqana
Qazlal
Yredelemnul
Beogh


Innate Abilities, Weirdness & Mutations

You are a creature of crystalline ice.
You have a powerful freezing melee attack.
Your maximum health is increased.
Your armour is entirely melded.
You are incapable of wielding weapons or throwing items.
You cannot wear most types of armour.
You are amphibious.
You can wear up to eight rings at the same time.
((Your skin changes colour to match your surroundings (Stealth+).))
((Your rubbery body absorbs attacks. (AC +1, EV +1)))
((You are camouflaged near water. (Stealth+)))
((You have tentacles for arms and can constrict up to eight enemies at once.))


Message History

The killer bee is heavily wounded.
The killer bee stings you.
* * * LOW HITPOINT WARNING * * *
The killer bee is distracted by your dazzling golden aura.
The killer bee stings you.
* * * LOW HITPOINT WARNING * * *
The killer bee stings you.
* * * LOW HITPOINT WARNING * * *
Okay, then.
It was a potion of curing.
You feel better.
The killer bee stings you but does no damage.
The killer bee closely misses you. x2
You punch the killer bee! You freeze the killer bee.
You kill the killer bee!
The killer bee is distracted by your dazzling golden aura.
The killer bee is no longer distracted by gold. x2
You miss the killer bee. The killer bee closely misses you.
The killer bee barely misses you. The killer bee closely misses you.
You miss the killer bee. The killer bee stings you.
* * * LOW HITPOINT WARNING * * *
The killer bee stings you but does no damage.
The killer bee stings you.
* * * LOW HITPOINT WARNING * * *
You feel better. The killer bee stings you.
* * * LOW HITPOINT WARNING * * *
The killer bee barely misses you.
The killer bee stings you but does no damage.
You hit the killer bee. You freeze the killer bee.
The killer bee is heavily wounded.
The killer bee misses you. The killer bee stings you!
* * * LOW HITPOINT WARNING * * *
Okay, then.
Casting: Beastly Appendage (safe; 1% risk of failure)
Press: ? - help, Q - select action, (/) - cycle Dir - look around, f - activate
Okay, then.
It was a potion of attraction.
You feel attractive to monsters.
The killer bee barely misses you. x2; The killer bee stings you.
You die...
Your body crumbles into a pile of gold.

#..#'#####
#.....##...... ##.#.#
#####.####..## #.#.# #.#
#..... #.#.# #.###.###.
#.#.# #......... #.#.#
#####.##.. #...# #.....
##..##################.#
#.>$yyY................
#####################.#
#....# #.##.# #.####
#..... ######


You could see 2 killer bees.

Vanquished Creatures
  Pikel (D:5)
  Grinder (D:4)
  Menkaure (D:4)
  A water moccasin (D:5)
  An orc warrior (D:7)
  A sky beast (D:6)
  4 ice beasts
  2 necrophages
  2 ogres (D:5)
  A phantom (D:5)
  2 bullfrogs
  A scorpion (D:4)
  3 killer bees (D:7)
  A centaur zombie (D:7)
  2 bullfrog zombies
  3 jellies
  A hound (D:5)
  2 orc priests
  A bullfrog skeleton (D:5)
  3 iguanas
  2 scorpion zombies (D:4)
  2 orc wizards (D:6)
  2 hound zombies (D:4)
  7 adders
  2 white imps
  An ufetubus (D:5)
  An adder skeleton (D:4)
  2 worms
  A dart slug (D:4)
  24 orcs
  6 ball pythons
  A bat (D:1)
  4 endoplasms
  5 giant cockroaches
  5 goblins
  5 hobgoblins
  13 jackals
  3 kobolds
  A quokka (D:3)
  A frilled lizard (D:1)
  6 rats
128 creatures vanquished.

Notes
Turn   | Place    | Note
-------+----------+-------------------------------------------
     0 | D:1      | avis the Octopode Transmuter began the quest for the Orb.
     0 | D:1      | Reached XP level 1. HP: 13/13 MP: 3/3
   389 | D:1      | Reached XP level 2. HP: 18/18 MP: 3/5
  1273 | D:2      | Found an opulent altar of Gozag.
  1281 | D:2      | Became a worshipper of Gozag Ym Sagoz the Greedy
  1293 | D:2      | Reached XP level 3. HP: 20/23 MP: 4/6
  1419 | D:2      | Learned a level 3 spell: Spider Form
  1772 | D:2      | Found a faded altar of an unknown god.
  1997 | D:2      | You fall into a shaft and drop 1 floor!
  2175 | D:3      | Reached skill level 1 in Poison Magic
  2260 | D:3      | Reached XP level 4. HP: 29/29 MP: 5/7
  3584 | D:3      | Reached XP level 5. HP: 22/34 MP: 8/8
  3869 | D:3      | Upgraded the game from 0.28-a0-779-g3d1f99b579 to
                  | 0.28-a0-793-g31680bbd8b
  3993 | D:4      | Reached skill level 5 in Unarmed Combat
  4035 | D:4      | Reached skill level 1 in Stealth
  4255 | D:4      | Reached XP level 6. HP: 29/42 MP: 9/9
  4258 | D:4      | Found a basalt altar of Yredelemnul.
  4369 | D:4      | Noticed Menkaure
  4377 | D:4      | Killed Menkaure
  4532 | D:4      | Learned a level 4 spell: Ice Form
  4535 | D:4      | Learned a level 2 spell: Wereblood
  4698 | D:4      | Noticed a necrophage
  4817 | D:4      | Reached XP level 7. HP: 46/46 MP: 9/11
  5464 | D:4      | Noticed Grinder
  5843 | D:5      | Entered Level 5 of the Dungeon
  6203 | D:5      | Reached skill level 5 in Fighting
  6247 | D:5      | Found a hazy altar of Hepliaklqana.
  6247 | D:5      | Found a stormy altar of Qazlal.
  6248 | D:5      | Found a white marble altar of Elyvilon.
  6536 | D:4      | Paralysed by Grinder for 2 turns
  6548 | D:4      | Killed Grinder
  6549 | D:4      | Reached XP level 8. HP: 41/58 MP: 10/12
  7200 | D:5      | Reached skill level 1 in Ice Magic
  7622 | D:5      | Found a blossoming altar of Fedhas.
  7674 | D:5      | Found the +4 moon troll leather armour {Spirit, Regen++
                  | MP+5}
  7753 | D:6      | Noticed Pikel
  7928 | D:5      | Killed Pikel
  7929 | D:5      | Reached skill level 5 in Transmutations
  7929 | D:5      | Reached XP level 9. HP: 38/64 MP: 10/13
  8209 | D:6      | Found a staircase to the Ecumenical Temple.
  8365 | D:5      | HP: 1/64 [ice beast (11)]
 10152 | D:7      | Found a snail-covered altar of Cheibriados.
 10340 | D:7      | Upgraded the game from 0.28-a0-793-g31680bbd8b to
                  | 0.28-a0-794-gafe8c5f9e9
 10384 | D:7      | HP: 1/76 [killer bee (6)]
 10390 | D:7      | HP: 1/76 [killer bee (5)]
 10393 | D:7      | Slain by a killer bee

Illustrated notes

Levels and vault maps discovered:
D:1:      dpeg_arrival_concentric_ovals, layout_basic
D:2:      layout_basic, basic_altar, shapermc_ecumenical_altar_totnotflames,
          kennysheep_generic_room_12
D:3:      layout_loops_corners, grunt_ministairs_2,
          chequers_serial_rivers_marsh, hangedman_decor_growths, minmay_puff
D:4:      layout_loops_ring, nicolae_yredelemnul_corpse_copse, chequers_avenue,
          kennysheep_orc_chapel, uniq_menkaure, uniq_grinder
D:5:      layout_basic, lemuel_doored_altar, gammafunk_temple_overflow_claw,
          kennysheep_decorative_pillar
D:6:      layout_cave_pools, minmay_temple_entry_drinking_statues, uniq_pikel
D:7:      layout_basic, mainiacjoe_overflow_alcove_2
D:8:      layout_layer_cave, vehumet_statue, david_lair_shrubbed, special_room
          [special_room_orc], nicolae_ossuary_entry_catacombs

Skill      XL: |  1  2  3  4  5  6  7  8  9 |
---------------+----------------------------+-----
Unarmed Combat | 4 5 6 7 |  7.4
Fighting       | 2 3 6 7 |  7.1
Poison Magic   | 2 |  2.0
Stealth        | 2 |  2.0
Transmutations | 3 5 6 |  6.0
Spellcasting   | 3 4 |  4.0
Dodging        | 3 |  3.0
Ice Magic      | 4 |  4.0

Action                   |  1- 3 |  4- 6 |  7- 9 || total
-------------------------+-------+-------+-------++-------
Melee: Unarmed           |    53 |   116 |   227 ||   396
       Constrict         |    15 |    26 |    12 ||    53
       Kick              |    15 |    29 |    18 ||    62
       Tentacles         |     2 |    16 |    14 ||    32
       Punch             |       |     5 |     3 ||     8
 Cast: Beastly Appendage |    25 |    28 |    18 ||    71
       Spider Form       |       |     1 |    21 ||    22
       Ice Form          |       |       |     4 ||     4
Invok: Potion Petition   |       |       |     2 ||     2
  Use: Potion            |       |       |     3 ||     3
 Stab: Sleeping          |     6 |     2 |     5 ||    13
Armor: Skin              |     3 |     3 |    35 ||    41
Dodge: Dodged            |    25 |    54 |   164 ||   243

Table legend: (Time is in decaauts)
 A = Elapsed time spent in this place.
 B = Non-inter-level travel time spent in this place.
 C = Inter-level travel time spent in this place.
 D = Time resting spent in this place.
 E = Time spent auto-exploring this place.
 F = Levels seen in this place.
 G = Mean time per level.
                   A        B        C        D        E       F      G
               +--------+--------+--------+--------+--------+-----+--------+
         Total |  10366 |   9694 |    672 |   3338 |   3855 |   8 | 1295.8 |
       Dungeon |  10366 |   9694 |    672 |   3338 |   3855 |   8 | 1295.8 |
               +--------+--------+--------+--------+--------+-----+--------+

Top non-repeatable levels by time:
     D:4: 2613 daAuts
     D:5: 2274 daAuts
     D:3: 1800 daAuts
     D:1: 1208 daAuts
     D:2: 1105 daAuts
     D:7: 796 daAuts
     D:6: 563 daAuts
     D:8: 5 daAuts
